 Dungeon Crawl Stone Soup version 0.28.0 (webtiles) character file.

Game seed: 3031144217583431154

4 bande the Shield-Bearer (level 1, -2/14 HPs)
             Began as a Gargoyle Fighter on Feb 8, 2022.
             Slain by a gnoll (5 damage)
             ... on level 1 of the Dungeon.
             The game lasted 00:00:11 (128 turns).

bande the Shield-Bearer (Gargoyle Fighter)           Turns: 128, Time: 00:00:12

Health: -2/14      AC:  9    Str: 19    XL:     1   Next: 70%
Magic:  1/1        EV:  9    Int:  8    God:
Gold:   5          SH:  4    Dex:  9    Spells: 0/0 levels left

rFire   . . .      SeeInvis .   a - +0 war axe
rCold   . . .      Faith    .   c - +0 buckler
rNeg    + . .      Spirit   .   b - +0 scale mail
rPois   ∞          Reflect  .   (no helmet)
rElec   +          Harm     .   (no cloak)
rCorr   .          Rampage  .   (no gloves)
Will    .....                   (no boots)
Stlth   ..........              (no amulet)
HPRegen 0.04/turn               (no ring)
MPRegen 0.07/turn               (no ring)

@: no status effects
A: sickness immunity, AC +2, negative energy resistance 1, electricity
resistance, torment resistance 1, petrification resistance
a: no special abilities


You were on level 1 of the Dungeon.
You visited 1 branch of the dungeon, and saw 1 of its levels.

You collected 5 gold pieces.

Inventory:

Hand Weapons
 a - a +0 war axe (weapon)
Armour
 b - a +0 scale mail (worn)
 c - a +0 buckler (worn)
Potions
 d - a potion of might


   Skills:
 + Level 3.3 Fighting
 + Level 1.8 Axes
 + Level 3.3 Armour
 + Level 3.4 Shields


You couldn't memorise any spells.
You didn't know any spells.
Your spell library was empty.

Dungeon Overview and Level Annotations

Branches:
Dungeon (1/15)

Altars:


Innate Abilities, Weirdness & Mutations

You are immune to sickness and miasma.
Your stone body is resilient. (AC +2)
You are immune to poison.
You resist negative energy. (rN+)
You are resistant to electric shocks. (rElec)
You are resistant to unholy torment.
You are immune to petrification.


Message History

The gnoll closely misses you.
You barely miss the gnoll. The gnoll hits you but does no damage.
You closely miss the gnoll.
The gnoll hits you but does no damage. x2
You block the hobgoblin's attack.
You hit the gnoll.
The gnoll is moderately wounded.
You hit the hobgoblin. The hobgoblin closely misses you.
The gnoll barely misses you.
You hit the hobgoblin.
You kill the hobgoblin!
You hit the gnoll but do no damage. The gnoll hits you with a +0 club. x2
You are too injured to fight recklessly!
You are too injured to fight recklessly!
You are too injured to fight recklessly!
You are too injured to fight recklessly!
You are too injured to fight recklessly!
You are too injured to fight recklessly!
You are too injured to fight recklessly!
You are too injured to fight recklessly!
You are too injured to fight recklessly!
You are too injured to fight recklessly!
You hit the gnoll.
The gnoll is almost dead.
The gnoll hits you with a +0 club.
You hit the gnoll.
The gnoll is almost dead.
A bat comes into view.
The gnoll hits you but does no damage. The gnoll hits you with a +0 club.
* * * LOW HITPOINT WARNING * * *
The bat moves out of view.
You barely miss the gnoll.
The gnoll is almost dead.
The gnoll hits you but does no damage.
You barely miss the gnoll.
The gnoll is almost dead.
The gnoll closely misses you.
You barely miss the gnoll.
The gnoll is almost dead.
The gnoll hits you but does no damage. The gnoll hits you with a +0 club.
You die...

#.......# #.####
#.......# #.####
####.#### #...## #
##...######.#.##
.######..#........#.##
........###.>..#....†.
###..##..#.....#.#..).
#..#..............##
#..@..##...#.#.#..#
#.g#.###.......#..#
#..#.##......###..#
..........#.### #..#
#.####.......# #... #.
###...## ####. # ... .
....


You could see a gnoll.

Vanquished Creatures
  2 hobgoblins (D:1)
  A kobold (D:1)
  A frilled lizard (D:1)
4 creatures vanquished.

Notes
Turn   | Place    | Note
-------+----------+-------------------------------------------
     0 | D:1      | bande the Gargoyle Fighter began the quest for the Orb.
     0 | D:1      | Reached XP level 1. HP: 14/14 MP: 1/1
   128 | D:1      | Slain by a gnoll

Illustrated notes

Levels and vault maps discovered:
D:1:      dpeg_arrival_fog, layout_loops_cross,
          shapermc_ecumenical_altar_mp_urbaneastern

Action                   || total
-------------------------++-------
Melee: War axe           ||    23
Armor: Scale mail        ||    14
Dodge: Dodged            ||    11
Block: Buckler           ||     4
